[Event "Frauenbundesliga 2024-25"]
[Site "Germany"]
[Date "2025.01.25"]
[Round "3.6"]
[White "Savina, Anastasia"]
[Black "Heinemann, Josefine"]
[Result "1-0"]
[Annotator "TA"]
[ECO "E49"]
[WhiteElo "2318"]
[BlackElo "2308"]
[PlyCount "63"]
[EventDate "2024.11.06"]
[EventType "team-tourn"]
[EventCountry "GER"]
[SourceTitle "playchess.com"]
[Source "ChessBase"]
[SourceQuality "1"]
[WhiteTeam "Bad Koenigshofen"]
[BlackTeam "Baden-Baden"]
[TimeControl "40/5400+30:1800+30"]

1. d4 Nf6 2. c4 e6 3. Nc3 Bb4 4. e3 O-O 5. Bd3 d5 6. a3 Bxc3+ 7. bxc3 dxc4 8. Bxc4 c5 9. Ne2 Qc7 10. Bd3 Nc6 11. f4 {[%emt 0:01:44] E49: Nimzo-Indian: Rubinstein: 5 Bd3 d5 6 a3 Bxc3+ 7 bxc3.} Rd8 12. O-O b6 13. Ng3 {[%emt 0:01:48] The position is equal.} Bb7 14. Qe2 Rac8 15. Bb2 Qb8 $146 (15... Qe7 $11 {remains equal.}) (15... Na5 16. Rac1 Qe7 17. h3 a6 18. Kh2 b5 19. e4 Nc4 20. Ba1 Ne8 21. f5 Qg5 {0-1 Salem,A (2644)-Nepomniachtchi,I (2766) Wch Rapid Almaty 2022 (4)}) 16. Rad1 {White is more active.} Qa8 ({Better is} 16... Qc7 $14) 17. h3 h6 18. e4 cxd4 19. cxd4 Nxd4 (19... Rxd4 $16 20. Bxd4 Nxd4) 20. Qf2 (20. Qe3 $142) 20... Nb3 $2 (20... Nxe4 21. Nxe4 Bxe4 22. Bxd4 Bxd3 (22... Bxg2 $2 23. Qxg2 Qxg2+ 24. Kxg2 $18) 23. Rxd3 Qe4) 21. Bxf6 $18 gxf6 22. Nh5 {[#]} Kf8 23. Qg3 {aiming for Qg7+.} Nc5 24. Qg7+ (24. Nxf6 Rxd3 25. Rxd3 Nxd3 $16) 24... Ke8 25. Bb5+ Bc6 26. Qh8+ ({Not} 26. Nxf6+ Ke7 $16) 26... Ke7 27. Qxf6+ Ke8 {[#]} 28. f5 $1 {White mates.} Rxd1 29. Rxd1 exf5 30. Ng7+ Kf8 31. Nxf5 Bxb5 32. Qh8# {Black did not feel at home in the position after the opening.   Weighted Error Value: White=0.62/Black=1.51  Loses game:     	---       	Black=1      Mistake:       	White=1     	Black=3      Inaccurate:     	---       	Black=1      OK:         	White=2     	Black=2      Best:        	White=1     	---} 1-0

[Event "Frauenbundesliga 2024-25"]
[Site "Germany"]
[Date "2025.01.25"]
[Round "3.6"]
[White "Muedder, Melanie"]
[Black "Valkova, Angelika"]
[Result "0-1"]
[Annotator "TA"]
[ECO "C05"]
[WhiteElo "1933"]
[BlackElo "2001"]
[PlyCount "76"]
[EventDate "2024.11.06"]
[EventType "team-tourn"]
[EventCountry "GER"]
[SourceTitle "playchess.com"]
[Source "ChessBase"]
[SourceQuality "1"]
[WhiteTeam "SG Solingen"]
[BlackTeam "Schachfreunde Deizisau"]
[TimeControl "40/5400+30:1800+30"]

1. e4 e6 2. d4 d5 3. Nd2 Nf6 4. Bd3 c5 5. c3 cxd4 6. cxd4 dxe4 7. Nxe4 Nxe4 {[%emt 0:00:43] C05: French Tarrasch: 3...Nf6 4 e5 Nfd7, 5 f4 and 5 Bd3 sidelines.} (7... Qxd4 $2 8. Bb5+ Bd7 9. Qxd4 $18) 8. Bxe4 Bb4+ 9. Bd2 Bxd2+ {[%emt 0:00:22] The position is equal.} 10. Qxd2 Nd7 11. Ne2 Nf6 12. Bf3 Rb8 13. O-O O-O 14. Rfd1 Qd6 $146 (14... b6 15. d5 exd5 16. Nc3 Be6 17. Nxd5 Bxd5 18. Bxd5 Qe7 19. Bf3 Rfd8 20. Qe2 Qxe2 21. Bxe2 {½-½ Brady,S (2288)-Williams,S (2473) Bunratty Masters 27th 2020 (2)}) 15. Nc3 b5 16. d5 b4 17. Ne4 Nxe4 18. Bxe4 Bb7 19. Rac1 Rfc8 20. Rxc8+ Rxc8 21. Qe3 Bxd5 22. Bxd5 exd5 23. Qxa7 $11 {[%emt 0:01:17][%mdl 4096] Endgame KQR-KQR} d4 24. h3 (24. Qxd4 $2 Qxd4 25. Rf1 Qxb2 $19) 24... Rd8 25. a3 b3 26. Qb7 Qe6 27. Qc7 Qd5 28. Rd3 h5 29. Qb6 Rd6 30. Qb4 (30. Qxb3 $2 Qxb3 31. Rxb3 d3 $19) 30... Rg6 31. g3 (31. Qxb3 $2 Qxg2#) 31... Rc6 32. Qe1 {[%emt 0:02:11] Prevents Rc1} (32. Qb8+ $11 Kh7 33. Qf4) 32... Rc2 $17 33. Qd1 Qf5 34. Rf3 {[%emt 0:00:35] [#]} Qe4 $40 {[%emt 0:02:27][%mdl 128] Black has some attack. Black is much more active.} (34... Qxh3 $6 35. Rxb3 Rc8 36. Rb4 $14) (34... Qc5 $1 $17 {and ...Rc1 would now be decisive} 35. Qd3 (35. Rxb3 $2 Rc1 $19) 35... Rxb2) 35. Rxb3 $11 {[%emt 0:01:47] White threatens Rb8+ and mate.} Re2 (35... g6 $11 {remains equal.}) 36. f3 $2 (36. Kf1 $16 {[%cal Of2f3] is necessary to keep the advantage. Black must now prevent f3!.} Kh7 37. a4 (37. Qxe2 $2 Qh1#)) 36... Qe5 $19 37. Kf1 Rh2 {[%emt 0:00:20] ( -> ...Rh1+)} 38. Qe1 $2 {[%emt 0:00:45] [#]} (38. f4 $19 Qd5 39. Qf3) 38... Rh1+ {[%emt 0:00:12] Weighted Error Value: White=0.46/Black=0.15 (very precise)   Loses game:     	White=1     	---        Mistake:       	White=2     	Black=2      Inaccurate:     	White=1     	---        OK:         	White=12    	Black=16     Best:        	White=3     	Black=3} 0-1

[Event "Frauenbundesliga 2024-25"]
[Site "Germany"]
[Date "2025.01.25"]
[Round "3.6"]
[White "Peglau, Sarah"]
[Black "Rosmait, Emily"]
[Result "1-0"]
[Annotator "TA"]
[ECO "A34"]
[WhiteElo "1870"]
[BlackElo "1965"]
[PlyCount "59"]
[EventDate "2024.11.06"]
[EventType "team-tourn"]
[EventCountry "GER"]
[SourceTitle "playchess.com"]
[Source "ChessBase"]
[SourceQuality "1"]
[WhiteTeam "Dippoldiswalde"]
[BlackTeam "Harksheide"]
[TimeControl "40/5400+30:1800+30"]

1. c4 c5 2. Nc3 Nf6 3. e4 e5 4. d3 d6 5. h3 h5 $146 (5... Nc6 6. Nf3 Be7 7. Bg5 O-O 8. Bxf6 Bxf6 9. Nd5 Nd4 10. Nxd4 exd4 11. Nxf6+ Qxf6 {0-1 Pehl,F (966)-Shim Ng Min,F (1167) IECC CL0-2020.00 email 2019}) 6. Be2 {[%emt 0:05:06] A34: Symmetrical English: 2 Nc3, lines with ...d5.} Be7 7. Nd5 Nxd5 8. cxd5 {[%emt 0:00:25] The position is equal.} Bg5 9. Nf3 Bxc1 10. Rxc1 Qa5+ ({Black should play} 10... Nd7 $14) 11. Nd2 $16 g6 12. O-O b5 {[%emt 0:03:58][%cal Ob8d7] [#]} 13. a4 b4 $2 {[%emt 0:02:50] This costs Black the game.} (13... Qxa4 $14 14. Qxa4 bxa4) 14. f4 $18 exf4 15. Rxf4 Nd7 16. Nc4 {[%emt 0:04:07] White is more active.} Qc7 17. d4 $36 {[%emt 0:04:04][%cal Oe4e5,Bd3d4,Bd4c5][%mdl 2080] White is in control.} Nb6 (17... O-O $16) 18. dxc5 Nxc4 19. Rxc4 {[%emt 0:00:51] e5 is the strong threat.} Ba6 (19... O-O $142 20. c6 (20. Rxb4 Qxc5+ 21. Rd4 Bd7 $16) 20... a5 21. Bxh5 Qa7+ 22. Kh1 Re8) 20. Qd4 (20. Rxb4 $2 {perishes.} Qxc5+ 21. Kh2 Qxb4 $19) 20... O-O 21. cxd6 Qxd6 (21... Qd7 22. e5 Bxc4) 22. Rf6 Bxc4 23. Rxd6 Bxe2 24. Rd7 a5 25. e5 Rac8 26. e6 Rc1+ 27. Kh2 {[%emt 0:00:07] Intending Rxf7 and mate.} Rcc8 28. Rxf7 {[%emt 0:04:09] White mates.} Rxf7 29. exf7+ Kxf7 30. Qf2+ {[%emt 0:00:19] Weighted Error Value: White=0.27 (precise) /Black=1.60  Loses game:     	---       	Black=1      Mistake:       	White=1     	Black=4      Inaccurate:     	White=1     	Black=1      OK:         	White=4     	Black=6      Best:        	White=3     	---} 1-0

[Event "Frauenbundesliga 2024-25"]
[Site "Germany"]
[Date "2025.01.25"]
[Round "3.7"]
[White "Batsiashvili, Nino"]
[Black "Pipiras, Filipa Fortuna"]
[Result "1-0"]
[Annotator "TA"]
[ECO "B14"]
[WhiteElo "2476"]
[BlackElo "2178"]
[PlyCount "59"]
[EventDate "2024.11.06"]
[EventType "team-tourn"]
[EventCountry "GER"]
[SourceTitle "playchess.com"]
[Source "ChessBase"]
[SourceQuality "1"]
[WhiteTeam "Schwaebisch Hall"]
[BlackTeam "Hemer 1932"]
[TimeControl "40/5400+30:1800+30"]

1. d4 Nf6 2. c4 e6 3. Nc3 Bb4 4. Nf3 O-O 5. Bg5 c5 6. e3 cxd4 7. exd4 d5 8. Rc1 {[%emt 0:00:34] B14: Caro-Kann: Panov-Botvinnik Attack with 5...e6 and 5...g6.} Nc6 9. a3 Be7 10. c5 {[%emt 0:02:41] White is slightly better.} Ne4 11. Bxe7 Qxe7 12. Be2 Rd8 13. O-O e5 $146 (13... Nxc3 14. Rxc3 e5 15. Nxe5 Nxe5 16. dxe5 d4 17. Rc1 Qxe5 18. Bf3 Rb8 19. Qd2 Bd7 20. Rfe1 Qf6 21. b4 Bc6 22. Qd3 {½-½ Xiong,J (2688)-Nakamura,H (2760) Titled Tuesday intern op 07th Jun Early blitz 2022 (10)}) 14. Re1 Nxc3 15. bxc3 Be6 16. dxe5 Qxc5 17. Bd3 g6 18. Ng5 Re8 19. Qd2 Qxa3 20. h4 a5 21. h5 Qf8 22. Rb1 a4 (22... Re7 $1 $11) 23. Rxb7 $14 {[%emt 0:00:39][%cal Og5h7] Strongly threatening Nxh7!. White has more active pieces.} a3 $2 {[%emt 0:00:29][%mdl 8192] [#] Black cannot hold the game after this.} (23... Re7 $14 24. Rb6 Qc8) 24. Nxh7 $1 $18 Kxh7 (24... Qg7 25. Nf6+) 25. hxg6+ Kg8 26. gxf7+ Bxf7 {[%emt 0:00:07] [#]} 27. Re3 $1 {[%emt 0:01:01] Intending Rg3+ and mate.} ({Avoid the trap} 27. Qg5+ $2 Qg7 28. Qxg7+ Kxg7 $19) 27... Rxe5 28. Rg3+ {[%emt 0:00:24] White mates.} Qg7 29. Qh6 Qxg3 30. Qh7+ {[%emt 0:00:09] Weighted Error Value: White=0.04 (flawless) /Black=0.67  Loses game:     	---       	Black=1      Mistake:       	---       	Black=1      Inaccurate:     	White=1     	Black=2      OK:         	White=8     	Black=5      Best:        	White=1     	---        Brilliant:      	White=1     	---} 1-0

[Event "Frauenbundesliga 2024-25"]
[Site "Germany"]
[Date "2025.01.25"]
[Round "3.7"]
[White "Socko, Monika"]
[Black "Rogule, Laura"]
[Result "0-1"]
[Annotator "TA"]
[ECO "D02"]
[WhiteElo "2371"]
[BlackElo "2219"]
[PlyCount "72"]
[EventDate "2024.11.06"]
[EventType "team-tourn"]
[EventCountry "GER"]
[SourceTitle "playchess.com"]
[Source "ChessBase"]
[SourceQuality "1"]
[WhiteTeam "Hamburger SK"]
[BlackTeam "1871 Loeberitz"]
[TimeControl "40/5400+30:1800+30"]

1. d4 d5 2. Nf3 Nf6 3. g3 c5 4. c4 dxc4 5. Qa4+ Nc6 6. Bg2 Bd7 7. Qxc4 cxd4 8. O-O {[%emt 0:04:56] D02: 1 d4 d5 2 Nf3 sidelines, including 2...Nf6 3 g3 and 2...Nf6 3 Bf4.} ({White should try} 8. Nxd4 $11 Na5 9. Qd3) 8... Qb6 ({Black should play} 8... e5 $15 9. Ng5 Qe7) 9. Na3 (9. e3 $11) 9... e5 $17 10. Ng5 {[%emt 0:07:34] Black is better.} Nd8 11. Qb3 $146 (11. Qd3 Rc8 12. b3 Rxc1 13. Rfxc1 Bxa3 14. Rc2 O-O 15. b4 Bxb4 16. Rb1 Qa5 17. Qc4 {0-1 Amarasinghe,P (2019)-Zelkind,E (2140) Minneapolis Knighter 2012 (2)}) 11... Qxb3 12. axb3 Bc6 $36 {[%emt 0:05:18][%mdl 2048] Black fights for an advantage.} 13. Nf3 Nd7 14. Nc4 f6 {[%emt 0:00:21] Black continues to play with concentration.} 15. Bd2 Nc5 16. Ra3 (16. Na5 $17) 16... Ne4 $19 17. Ra2 Nxd2 18. Nfxd2 Bxg2 19. Kxg2 Nc6 20. Rc1 Bb4 21. Ne4 Ke7 {[%emt 0:04:40] Wards off Ncd6} 22. g4 (22. f3 {was necessary.}) 22... Rhd8 23. Rd1 Ke6 24. Ra4 Rac8 {[%emt 0:06:25] Strongly threatening ...b5.} 25. Raa1 Rd5 ({But not} 25... b5 26. Na3) 26. Rd3 Be7 27. Rh3 h6 28. Ng3 Bd8 29. Nf5 Rd7 30. Nd2 b6 31. Rc1 Rcc7 32. Ne4 Nb4 33. Rc4 Nd5 34. Rf3 Nf4+ {[%emt 0:00:56] Black is clearly winning.} 35. Rxf4 {[%emt 0:00:49] [#] and Rf3 would now be decisive} Rxc4 (35... exf4 $2 36. Nxd4+ Kf7 37. Nc6 $19) 36. bxc4 exf4 {[%emt 0:00:48] Weighted Error Value: White=0.30/Black=0.09 (flawless)   Mistake:       	White=3     	Black=1      Inaccurate:     	White=2     	Black=1      OK:         	White=8     	Black=17     Best:        	---       	Black=3} 0-1

[Event "Frauenbundesliga 2024-25"]
[Site "Germany"]
[Date "2025.01.25"]
[Round "3.7"]
[White "Butenandt, Svenja"]
[Black "Tsolakidou, Stavroula"]
[Result "1/2-1/2"]
[Annotator "TA"]
[ECO "E94"]
[WhiteElo "2158"]
[BlackElo "2451"]
[PlyCount "94"]
[EventDate "2024.11.06"]
[EventType "team-tourn"]
[EventCountry "GER"]
[SourceTitle "playchess.com"]
[Source "ChessBase"]
[SourceQuality "1"]
[WhiteTeam "Bayern Muenchen"]
[BlackTeam "Rodewischer Schachmiezen"]
[TimeControl "40/5400+30:1800+30"]

1. d4 Nf6 2. c4 g6 3. Nc3 Bg7 4. e4 d6 5. Be2 O-O 6. Be3 Na6 7. Nf3 e5 8. O-O Qe7 $1 {[%emt 0:00:20][%mdl 4] is currently scoring better than 8...Ng4.} (8... exd4 $11 9. Nxd4 Bd7) 9. dxe5 {[%emt 0:04:44] E94: King's Indian: Classical: 6 Be2 e5 7 0-0: Various Black 7th moves.} (9. d5 $14) 9... dxe5 $11 10. Nd5 Qd8 11. Qc2 (11. Nxe5 Nxd5 (11... Nxe4 12. Nd3 $15) 12. cxd5 Bxe5 $17) 11... Ng4 12. Rad1 Nxe3 13. Nxe3 Qe7 14. Nd5 Qe8 15. c5 c6 16. Ne3 Nc7 $1 17. Nc4 Qe7 18. Nd6 b5 $146 (18... Ne6 19. Bc4 Nf4 20. Qb3 Bg4 21. h3 Bh5 22. Kh2 Bxf3 23. Qxf3 b5 24. Bb3 a5 {1-0 Bluebaum,M (2672)-Chigaev,M (2621) Titled Tuesday intern op 04th Jul Late blitz 2023 (11)}) 19. h3 Be6 20. a4 a6 21. Ra1 Rfb8 22. Qd2 f5 (22... f6 $11) 23. exf5 {[%emt 0:19:59] White is more active.} gxf5 24. Rfe1 (24. Ng5 {keeps more tension.} e4 25. Nxe6 Qxe6 26. Qg5) 24... Qf6 25. Qa5 Nd5 (25... Qe7 $1 $11) 26. axb5 $14 {[%emt 0:00:06][%csl Oa6,Oc6,Oh7] Black has weak pawns} e4 27. bxc6 (27. b6 $5) 27... Rxb2 $1 {[%emt 0:01:24][%cal Od5f4] and ...Nf4! would now be decisive} 28. Nd2 $2 {[%emt 0:04:56] Excellent horsemanship.} (28. c7 $2 Rxe2 (28... exf3 $2 29. Bxf3 $18) 29. Rab1 Rxe1+ (29... exf3 $2 30. Rb8+ Bf8 31. Rxa8 $19) 30. Nxe1 Rf8 $17) (28. Ra2 $1 $14 {keeps the upper hand.} Nf4 29. Rxb2 exf3 30. Bxf3 Qxb2 31. c7) 28... Qc3 (28... Nc3 29. Bc4 Rxd2 30. c7 $16) (28... Qg5 $142 29. Nf3 Qh6 (29... exf3 30. Bxf3 $15)) 29. N6c4 $17 {[%emt 0:04:46] [#]} ({Avoid the trap} 29. N2c4 $2 Rxe2 30. Rxe2 Qxa1+ $19) 29... Rxd2 30. Nxd2 $14 Qxa5 $1 31. Rxa5 Bc3 32. Rxa6 Rxa6 33. Bxa6 Bxd2 34. Rd1 e3 35. fxe3 Bxe3+ 36. Kh1 Nc7 {[%emt 0:03:54] [#]} (36... Bxc5 $2 {too greedy.} 37. Rxd5 (37. Bc4 Nc7 $16) 37... Bxd5 38. c7 $18) 37. Bc8 Bxc8 (37... Bd5 38. Bxf5) 38. Rd8+ Kf7 39. Rxc8 Bf4 40. Rd8 h5 41. Kg1 (41. h4 $16) 41... h4 42. Kf1 Ke6 43. Ke2 {[%emt 0:00:00] White is slightly better.} Na6 44. Kd3 {[%emt 0:00:00] Kc4 would now be deadly.} Nxc5+ 45. Kc4 Na6 46. Kb5 {[%emt 0:00:00][%mdl 1024] White has compensation.} Nc7+ 47. Kb6 Bg3 {[%emt 0:01:10] Weighted Error Value: White=0.17 (very precise) /Black=0.16 (very precise)   Mistake:       	White=2     	Black=4      Inaccurate:     	White=2     	Black=2      OK:         	White=16    	Black=16     Best:        	White=3     	Black=3      Strong:       	---       	Black=3} 1/2-1/2

[Event "Frauenbundesliga 2024-25"]
[Site "Germany"]
[Date "2025.01.25"]
[Round "3.8"]
[White "Sliwicka, Alicja"]
[Black "Khrapko, Marharyta"]
[Result "1-0"]
[Annotator "TA"]
[ECO "B12"]
[WhiteElo "2344"]
[BlackElo "2168"]
[PlyCount "77"]
[EventDate "2024.11.06"]
[EventType "team-tourn"]
[EventCountry "GER"]
[SourceTitle "playchess.com"]
[Source "ChessBase"]
[SourceQuality "1"]
[WhiteTeam "Rodewischer Schachmiezen"]
[BlackTeam "Bayern Muenchen"]
[TimeControl "40/5400+30:1800+30"]

1. e4 c6 2. d4 d5 3. e5 c5 4. Nf3 cxd4 5. Qxd4 e6 6. Bd3 Nc6 7. Qf4 Qc7 8. Nc3 {[%emt 0:04:53] White is slightly better.} a6 {[%emt 0:00:23] Inhibits Nb5.} 9. O-O Nge7 10. Re1 f5 (10... Ng6 $14 11. Qg3 Bd7) 11. h4 g6 12. h5 h6 13. hxg6 {[%emt 0:01:29] White has more active pieces. The black rooks are passive.} (13. Qa4 $16) 13... Nxg6 (13... Bd7 $1 $11) 14. Qh2 $16 Qf7 15. Ne2 (15. Be3 $16) 15... Bg7 (15... Bd7 $14) 16. Ned4 Nge7 17. b3 Bd7 18. Ba3 O-O (18... Nxd4 $16 19. Nxd4 O-O-O) 19. Bc1 Nxd4 20. Nxd4 f4 (20... Nc6 $16) 21. Bd2 Nc6 22. Nf3 b5 (22... Be8 $16 {is a better defense.} 23. Ng5 Qe7) 23. a4 $18 Rab8 24. Re2 Ne7 (24... b4 $142 25. Bxa6 Qf5) 25. a5 Nc6 26. Rf1 Be8 27. Qh3 Qe7 (27... Nd8 {keeps fighting.} 28. Nh4 Qe7) 28. g3 fxg3 29. fxg3 Rxf3 30. Rxf3 $40 {[%emt 0:00:39][%mdl 128] White wants a kill.} Nd4 31. Rff2 Nxe2+ 32. Rxe2 h5 33. g4 Qc5+ $2 (33... h4 34. Be1 Qg5 35. Bxh4 (35. Qxh4 Qxh4 36. Bxh4 b4 $18) 35... Qh6) 34. Be3 d4 35. Bf4 h4 36. Qxh4 {[%emt 0:00:28] [#] And now Rf2 would win.} Bc6 37. Rf2 {[%emt 0:01:25] White mates.} Rb7 38. Qh7+ Kf8 39. Bh6+ {[%emt 0:01:13] Weighted Error Value: White=0.22 (precise) /Black=0.54.  Mistake:       	White=2     	Black=9      Inaccurate:     	White=2     	Black=3      OK:         	White=9     	Black=6      Best:        	---       	Black=2} 1-0

[Event "Frauenbundesliga 2024-25"]
[Site "Germany"]
[Date "2025.01.25"]
[Round "3.8"]
[White "Berzina, Ilze"]
[Black "Papp, Sarah"]
[Result "0-1"]
[Annotator "TA"]
[ECO "C03"]
[WhiteElo "2192"]
[BlackElo "2268"]
[PlyCount "60"]
[EventDate "2024.11.06"]
[EventType "team-tourn"]
[EventCountry "GER"]
[SourceTitle "playchess.com"]
[Source "ChessBase"]
[SourceQuality "1"]
[WhiteTeam "1871 Loeberitz"]
[BlackTeam "Hamburger SK"]
[TimeControl "40/5400+30:1800+30"]

1. e4 e6 2. d4 d5 3. Nd2 Be7 4. Bd3 Nf6 5. Ngf3 c5 6. exd5 Qxd5 7. dxc5 Nbd7 8. O-O {[%emt 0:05:24] C03: French Tarrasch: Unusual Black 3rd moves.} O-O 9. b4 a5 10. Bc4 {[%emt 0:00:25] White is slightly better.} Qh5 11. c3 Rd8 $146 (11... b6 12. c6 Ne5 13. Be2 Nxf3+ 14. Bxf3 Qe5 15. b5 Qxb5 16. Rb1 Qc5 17. Nb3 Qf5 {0-1 Morales,C (2127)-Cevizci,Y (2035) Titled Tuesday intern op 09th Jul Early blitz 2024 (2)}) 12. Qe2 {[%emt 0:11:57] Prevents Ne5.} Nd5 13. Ne4 {[%emt 0:05:42] Black must now prevent Bxd5.} Ne5 $1 14. Nxe5 Qxe5 15. f4 Qc7 16. Kh1 b6 {[%emt 0:04:38] [#]} 17. f5 $1 $36 {[%emt 0:05:17][%mdl 2048] White is pushing.} bxc5 18. bxc5 exf5 19. Nd6 Qxc5 (19... Be6 $11 {keeps the balance.}) 20. Bxd5 $16 (20. Nxf5 Bf6 $11 (20... Nxc3 $2 21. Qxe7 Qxe7 22. Nxe7+ $18)) 20... Ba6 $2 (20... Qxd6 $16 {is tougher.} 21. Bxa8 Ba6) 21. Bxf7+ $18 Kf8 {[%emt 0:05:58] [#]} (21... Kh8 $142 22. Qxe7 Bxf1) 22. Qh5 $1 Qxd6 {[%emt 0:04:20] [#]} (22... Rxd6 23. Bb3) 23. Bb3 $1 Qg6 (23... Qf6 24. Rxf5) 24. Rxf5+ Bf6 25. Ba3+ (25. Rxa5 Qxh5 26. Ba3+ (26. Rxh5 Bc4 $14) 26... Ke8 27. Rxh5 Rd2 $18) 25... Ke8 {[%emt 0:00:04] [#]} 26. Qe2+ $4 Bxe2 $19 {[%emt 0:00:09] Black is clearly winning.} 27. Ba4+ {[%emt 0:01:28] [#]} Rd7 $1 28. Rd5 {[%emt 0:00:29] [#]} (28. Bxd7+ Kxd7) 28... Rad8 $1 {[%emt 0:00:28][%cal Og6e4] aiming for ...Qe4!.} 29. Re1 {[%emt 0:00:18] [#]} Qe4 $1 30. Rd2 (30. Bc6 Qe6) 30... Qxa4 {[%emt 0:00:12] Never resign too early!   Weighted Error Value: White=0.68/Black=0.56  Loses game:     	---       	Black=1      Mistake:       	---       	Black=2      Inaccurate:     	White=1     	Black=1      OK:         	White=7     	Black=5      Best:        	White=3     	---        Strong:       	---       	Black=1} 0-1

[Event "Frauenbundesliga 2024-25"]
[Site "Germany"]
[Date "2025.01.25"]
[Round "3.8"]
[White "Mgeladze, Kesaria"]
[Black "Javakhishvili, Lela"]
[Result "1/2-1/2"]
[Annotator "TA"]
[ECO "C45"]
[WhiteElo "2157"]
[BlackElo "2426"]
[PlyCount "59"]
[EventDate "2024.11.06"]
[EventType "team-tourn"]
[EventCountry "GER"]
[SourceTitle "playchess.com"]
[Source "ChessBase"]
[SourceQuality "1"]
[WhiteTeam "Hemer 1932"]
[BlackTeam "Schwaebisch Hall"]
[TimeControl "40/5400+30:1800+30"]

1. e4 e5 2. Nf3 Nc6 3. d4 exd4 4. Nxd4 Nf6 5. Nxc6 bxc6 6. e5 Qe7 7. Qe2 Nd5 8. g3 g6 9. c4 Ba6 10. b3 Bg7 11. Bb2 O-O 12. Bg2 Rae8 13. O-O Bxe5 14. Qxe5 Qxe5 15. Bxe5 Rxe5 16. cxd5 Bxf1 17. Kxf1 cxd5 18. Nc3 (18. f4 $5 Re3 19. Bxd5 $11) 18... c6 19. Rd1 a5 20. Bf3 Rb8 21. Na4 Re7 22. Rc1 Kf8 23. Rc5 Ra8 $1 ({Much worse is} 23... Rb5 24. Rxb5 cxb5 25. Nc3 $14) 24. Bg4 f5 25. Be2 Kf7 26. Nb6 Rb8 27. Na4 Ra8 28. Nb6 Rb8 29. Na4 Ra8 30. Nb6 {[%emt 0:00:05] Weighted Error Value: White=0.04 (flawless) /Black=0.11 (very precise) .  Inaccurate:     	White=1     	Black=1      OK:         	White=9     	Black=5      Strong:       	---       	Black=1} 1/2-1/2